 Dungeon Crawl Stone Soup version 0.16.2-12-gd0ad4c3 (webtiles) character file.

219319 magipi the Severer (level 19, -2/154 (160) HPs)
             Began as a Ghoul Gladiator on Nov 4, 2015.
             Was the Champion of Makhleb.
             Slain by an azure jelly (19 damage)
             ... created by the royal jelly
             ... while paralysed by a great orb of eyes
             ... on level 6 of the Pits of Slime on Nov 24, 2015.
             The game lasted 04:26:41 (30046 turns).

magipi the Severer (Ghoul Gladiator)               Turns: 30046, Time: 04:26:41

HP:   -2/154 (160)  AC: 24    Str: 26    XL:     19   Next: 14%
MP:   30/30         EV:  2    Int:  9    God:    Makhleb [******]
Gold: 2340          SH:  0    Dex: 20    Spells: 3 memorised, 14 levels left

rFire  . . .     SeeInvis .     a - +6 broad axe (elec)
rCold  + . .     Clarity  .     U - +7 chain mail of Odaipuid {Int+2}
rNeg   + + +     SustAb   .     (no shield)
rPois  ∞         Gourm    .     K - +2 helmet
rElec  .         Spirit   .     l - +2 cloak {+Inv}
rCorr  +         Warding  .     M - +2 pair of gloves
rMut   .         Stasis   .     Y - +2 pair of boots {run}
MR     +....                    L - amulet of resist corrosion
Stlth  ..........               A - ring of flight
                                Z - +4 ring of dexterity

@: paralysed, mighty, agile, corroded equipment, very slightly contaminated,
rotting, hasted, quick, somewhat resistant to hostile enchantments, extremely
unstealthy
A: rotting body, claws 1, carnivore 3, cold resistance 1, negative energy
resistance 3, poison resistance, slow healing 1, torment resistance, unbreathing
a: Minor Destruction, Lesser Servant of Makhleb, Major Destruction, Greater
Servant of Makhleb, Renounce Religion, Evoke Invisibility, Evoke Flight
}: 1/15 runes: barnacled


You were on level 6 of the Pits of Slime.
You worshipped Makhleb.
Makhleb was exalted by your worship.
You were not hungry.

You visited 7 branches of the dungeon, and saw 44 of its levels.
You also visited: Ossuary and Volcano.

You collected 3704 gold pieces.
You spent 1364 gold pieces at shops.

Inventory:

Hand weapons
 a - a +6 broad axe of electrocution (weapon)
 y - a +0 battleaxe
 Q - a +1 antimagic broad axe
Missiles
 d - 12 throwing nets
 X - 16 javelins (quivered)
Armour
 l - a +2 cloak of invisibility (worn)
 K - a +2 helmet (worn)
 M - a +2 pair of gloves (worn)
 U - the +7 chain mail of Odaipuid (worn) {Int+2}
   (You bought it in a shop on level 11 of the Dungeon)

   It affects your intelligence (+2).
 Y - a +2 pair of boots of running (worn)
Jewellery
 c - an uncursed ring of protection from cold
 r - an uncursed amulet of regeneration
 t - an uncursed ring of teleportation
 A - a ring of flight (right hand)
 L - an amulet of resist corrosion (around neck)
 N - an uncursed ring of protection from magic
 Z - a +4 ring of dexterity (left hand)
Magical devices
 j - a wand of fireball (1)
 n - a wand of hasting (0)
 E - a wand of disintegration (7)
 G - a wand of polymorph (8)
 H - a wand of digging (8)
 I - a wand of disintegration (7)
 J - a wand of disintegration (2)
 V - a wand of draining (1)
 W - a wand of confusion (17)
Scrolls
 i - a scroll of magic mapping
 k - 7 scrolls of fear
 m - 3 scrolls of recharging
 s - 3 scrolls of blinking
 u - 6 scrolls of remove curse
 B - a scroll of silence
 O - 3 scrolls of fog
 R - a scroll of summoning
Potions
 f - 3 potions of might
 p - 7 potions of curing
 q - 4 potions of agility
 w - a potion of ambrosia
 x - a potion of cancellation
 z - 6 potions of invisibility
 C - 3 potions of restore abilities
 D - 2 potions of haste
 P - a potion of resistance
Comestibles
 h - 17 meat rations


   Skills:
 - Level 12.0 Fighting
 - Level 16.0 Axes
 - Level 8.1 Throwing
 + Level 13.5 Armour
 + Level 11.9 Dodging
 - Level 2.0 Spellcasting
 - Level 2.2 Charms
 - Level 2.2 Translocations
 - Level 2.0 Air Magic
 - Level 11.1 Invocations
 - Level 11.0 Evocations


You had 14 spell levels left.
You knew the following spells:

 Your Spells              Type           Power        Failure   Level  Hunger
a - Repel Missiles        Chrm/Air       #.....       85%         2    ###....
b - Blink                 Tloc           N/A          85%         2    ###....
c - Control Teleport      Chrm/Tloc      #.........   100%        4    #####..


Dungeon Overview and Level Annotations

Branches:
Dungeon (15/15)            Temple (1/1) D:7            Lair (8/8) D:9
 Shoals (5/5) Lair:4       Spider (5/5) Lair:6        Slime (6/6) Lair:8
    Orc (4/4) D:12            Elf (0/3) Orc:4        Vaults (0/5) D:14
 Depths (0/5) D:15

Altars:
Ashenzari
Cheibriados
Elyvilon
Fedhas
Gozag
Makhleb
Sif Muna
Trog
Vehumet
Xom
Yredelemnul
Zin
Beogh
Jiyva

Shops:
D:8 *   D:11 *   D:13 (   D:14 }   Orc:1 :   Orc:4 [(:(   Shoals:1 *
Shoals:3 :

Annotations:
D:11 kraktruk's ghost, powerful DECj
Lair:1 Nergalle; dvd's ghost, powerful DEFE
Lair:7 carl's ghost, powerful DDNe
Shoals:3 Ilsuiw; Polyphemus
Slime:6 Royal Jelly


Innate Abilities, Weirdness & Mutations

Your body is rotting away.
You thrive on raw meat.
You have sharp fingernails.
You are carnivorous and can eat meat at any time.
Your flesh is cold resistant.
You are immune to negative energy.
Your system is resistant to poisons.
You heal slowly when monsters are visible.
You are immune to unholy pain and torment.
You can survive without breathing.

Vault maps used:
D:1:      saegor_arrival_simple_e
D:2:      yredelemnul_forgotten_temple_becter, uniq_jessica
D:3:      lemuel_blue_sif_altar, nicolae_overflow_hidden_temple, first_bread,
          minmay_misc_feat_more_columns, uniq_natasha
D:4:      grunt_ministairs_5, st_stairs_10, minmay_statues_item
D:5:      lemuel_doored_altar, enter_ossuary_1, minmay_misc_feat_iff,
          kennysheep_small_square
D:6:      hangedman_decor_points
D:7:      temple_pool_b, uniq_iyjb, uniq_duvessa
D:8:      serial_shops, nicolae_shop_temple_entry_statues_fountains
D:9:      grunt_lair_entry_elf_guard_hut, basic_altar, uniq_grum
D:10:     spider_trap, uniq_erica
D:11:     serial_shops, nicolae_shop_waterfront, the_bakery, st_stairs_11,
          minmay_misc_feat_room, kennysheep_small_spiral
D:12:     david_orc_3
D:13:     serial_shops, nicolae_shop_crystal, kennysheep_generic_room_3
D:14:     david_vaults_5, minmay_misc_feat_nine_boxes,
          nicolae_for_you_no_charge, uniq_azrael, uniq_kirke
D:15:     grunt_enter_depths_magical_seal, hangedman_glass_teeth, uniq_maud
Temple:   nicolae_temple_god_jail
Lair:1:   beast_lair_carwin_large_3, infiniplex_staircase_pool_2, uniq_harold,
          uniq_nergalle
Lair:2:   basic_altar, lemuel_fruit_tree, grunt_megastairs_2
Lair:4:   elwin_shoals_entry_rooms
Lair:5:   uniq_snorg
Lair:6:   nicolae_spider_entry_non_spiders, disabler_island
Lair:7:   st_stairs_8
Lair:8:   minmay_lair_end_enchanted_forest, dpeg_slime_entry_enclosed_altar,
          enter_volcano_4, minivault_27, pond
Shoals:1: serial_shops, nicolae_shop_competitors_out_of_business,
          nicolae_shoals_undead_eyrie
Shoals:2: ldierk_geyser
Shoals:3: serial_shops, shop, nicolae_shoals_kraken_intersection, uniq_roxanne,
          uniq_polyphemus, uniq_ilsuiw
Shoals:4: uniq_asterion
Shoals:5: shoals_end_simple, shoals_ilsuiw_alternative
Spider:1: uniq_agnes
Spider:3: nicolae_crawler_farm
Spider:4: nicolae_spider_corner, hangedman_spider_mandibles
Spider:5: grunt_spider_rune_circles, nicolae_spider_nook
Slime:1:  cheibrodos_slime_lost_civilization_5
Slime:2:  basic_altar
Slime:5:  nicolae_slime_barrier
Orc:1:    serial_shops, shop
Orc:2:    basic_altar
Orc:3:    nicolae_orc_pool_cavern, uniq_maurice
Orc:4:    grunt_orc_community_town_hall, grunt_orc_community_big_house_1,
          grunt_orc_community_big_house_2, grunt_orc_community_house_1,
          grunt_orc_community_house_1, grunt_orc_community_house_1,
          grunt_orc_community_house_2, grunt_orc_community_house_1,
          guppyfry_library_mini, uniq_urug, uniq_josephine, uniq_erolcha
Ossuary:  ossuary_minmay_scorpions
Volcano:  volcano_lake


Message History

The royal jelly hits you but does no damage.
Your slime creature resists with some effort.
You swap places.
The great orb of eyes gazes at you.
Your slime creature appears confused.
The death ooze hits your slime creature.
Your slime creature rots! x2
The death ooze hits your slime creature!!
Your slime creature hits the death ooze!
Your slime creature hits the great orb of eyes.
The royal jelly hits your slime creature!!
Your slime creature is splashed with acid.
The royal jelly hits your slime creature!!
Your slime creature dies!
Drink which item? (? for menu, Esc to quit)
You feel much better.
The great orb of eyes bites your slime creature.
The death ooze hits your slime creature!!
The death ooze hits your slime creature!
Unknown command.
The royal jelly hits your eye of devastation.
Your eye of devastation is splashed with acid.
The royal jelly hits your eye of devastation but does no damage.
Your slime creature hits the great orb of eyes!
The royal jelly hits your eye of devastation!
Your eye of devastation is splashed with acid.
The royal jelly hits your eye of devastation!!
Your eye of devastation is splashed with acid.
The death ooze hits your slime creature!
Your slime creature dies!
The death ooze quivers.
An azure jelly comes into view.
Drink which item? (? for menu, Esc to quit)
Okay, then.
Drink which item? (? for menu, Esc to quit)
You feel much better.
The royal jelly barely misses your eye of devastation.
The royal jelly hits your eye of devastation.
Your eye of devastation dies!
Your eye of devastation gazes at the royal jelly.
The bolt of energy hits the death ooze.
The death ooze is blown up!
The bolt of energy hits the royal jelly.
The royal jelly shudders vigorously.
The royal jelly spits out two more jellies.
The great orb of eyes pulsates ominously.
Evoke which item? (* to show all) (? for menu, Esc to quit)
Okay, then.
Unknown command.
Read which item? (? for menu, Esc to quit)
Okay, then.
Unknown command.
Drink which item? (? for menu, Esc to quit)
Okay, then.
Unknown command.
Drink which item? (? for menu, Esc to quit)
You feel much better.
Unknown command.
The acid blob spits acid at you. The splash of acid misses you.
Unknown command.
You slash the acid blob!
There is a sudden explosion of sparks!
The acid blob is moderately wounded.
The acid blob hits you!!
You are splashed with acid!
The acid burns!
You resist.
Unknown command.
You slice the acid blob!!
The acid blob is heavily wounded.
Unknown command.
You slice the acid blob!!
There is a sudden explosion of sparks!
The acid blob is almost dead.
The acid blob spits acid at you. The splash of acid hits you! You resist.
The acid burns!
You resist.
Unknown command.
You hit the acid blob.
The acid blob is almost dead.
Unknown command.
You slash the acid blob!
There is a sudden explosion of sparks!
You kill the acid blob!
That felt strangely unrewarding.
Unknown command.
You swap places.
The death ooze hits you but does no damage.
The death ooze completely misses you.
Unknown command.
You barely miss the great orb of eyes.
The great orb of eyes is heavily wounded.
You slice the death ooze!!
There is a sudden explosion of sparks!
The death ooze is severely damaged.
The death ooze closely misses you. The death ooze barely misses you.
The great orb of eyes gazes at you.
You suddenly lose the ability to move!
The great orb of eyes bites you but does no damage.
The great orb of eyes gazes at you.
You are blasted!
* * * LOW HITPOINT WARNING * * *
The azure jelly hits you!
* * * LOW HITPOINT WARNING * * *
The azure jelly freezes you!! You resist.
You die...

......................
.......................
.......................
.......................
........................
...........#..#.#####..
...........####.##
.........### #JG# .....#
##@# .. #JG# #J## #J.#
##.# J# G. _.# .##


You could see the royal jelly, an azure jelly, a great orb of eyes, a death
ooze, a friendly slime creature and a friendly eye of devastation.

Table legend:
 A = Kills in this place as a percentage of kills in entire the game.
 B = Kills by you in this place as a percentage of kills by you in the entire game.
 C = Kills by friends in this place as a percentage of kills by friends in the entire game.
 D = Other kills in this place as a percentage of other kills in the entire game.
 E = Experience gained in this place as a percentage of experience gained in the entire game.
 F = Experience gained in this place divided by the number of levels of this place that you have seen.
                   A       B       C       D       E      F
               +-------+-------+-------+-------+-------+----------------------
         Total | 100.0 | 100.0 | 100.0 | 100.0 | 100.0 | 6077.9
       Dungeon |  30.5 |  30.9 |  16.7 |  66.7 |  20.5 | 3825.9
          Lair |  21.5 |  21.5 |  22.9 |   0.0 |  15.3 | 5338.0
        Shoals |   9.3 |   9.4 |   8.3 |   0.0 |  25.6 | 14334.2
   Spider Nest |  12.0 |  11.7 |  18.8 |  33.3 |  19.1 | 10670.4
    Slime Pits |   4.8 |   5.0 |   0.0 |   0.0 |  11.7 | 5464.8
  Orcish Mines |  19.5 |  19.4 |  22.9 |   0.0 |   6.6 | 4604.5
       Ossuary |   1.8 |   1.8 |   0.0 |   0.0 |   0.3 | 863.0
       Volcano |   0.6 |   0.3 |  10.4 |   0.0 |   0.9 | 2397.0
               +-------+-------+-------+-------+-------+----------------------

Vanquished Creatures
  Asterion (Shoals:4)
  7 acid blobs
  3 krakens
  Kirke (D:14)
  An azure jelly (Slime:1)
  Maud (D:15)
  An emperor scorpion (Spider:4)
  2 rakshasas (D:15)
  2 merfolk javelineers
  4 merfolk impalers
  Josephine (Orc:4)
  A great orb of eyes (Slime:3)
  A death ooze (Slime:6)
  Harold (Lair:1)
  4 hydras
  A vault guard (D:14)
  2 catoblepae
  2 centaur warriors
  4 merfolk avatars
  4 merfolk aquamancers
  Erica (D:10)
  2 satyrs
  3 alligator snapping turtles
  2 death yaks (Shoals:3)
  Urug (Orc:4)
  A fire crab (Volcano)
  8 hill giants
  12 sea snakes
  Erolcha (Orc:4)
  A wizard (D:15)
  2 unseen horrors
  14 orb spiders
  An orc knight (Orc:1)
  3 hornets
  3 shining eyes
  A necromancer (D:15)
  8 manticores
  7 fauns
  4 harpies (Shoals:4)
  4 cyclopes
  16 wolf spiders
  6 orc sorcerers
  5 elephants (Lair:8)
  2 moths of wrath (Spider:5)
  6 ugly things
  9 water nymphs
  10 sirens
  10 griffons
  3 drowned souls (Shoals:1)
  A sixfirhy (D:15)
  3 black mambas
  A naga mage (D:15)
  A molten gargoyle (Volcano)
  5 spiny frogs
  A torpor snail (Spider:5)
  2 eyes of devastation
  7 centaur skeletons
  3 gargoyles
  13 demonic crawlers
  A fire drake (Volcano)
  9 komodo dragons
  2 efreet
  3 trolls
  6 harpy zombies (Shoals:1)
  5 polar bears
  A freezing wraith (D:14)
  21 merfolk
  A wind drake (Shoals:3)
  24 jumping spiders
  A queen bee (Lair:4)
  3 two-headed ogres
  2 boulder beetles
  A trapdoor spider zombie (D:13)
  A harpy skeleton (D:15)
  7 blink frogs
  9 snapping turtles
  65 slime creatures
  7 basilisks
  45 redbacks
  6 water elementals
  3 wraiths (Orc:4)
  18 tarantellas
  11 spriggans
  12 trapdoor spiders
  2 wyverns
  26 yaks
  A shadow (D:14)
  11 hippogriffs
  2 centaur simulacra
  Grum (D:9)
  2 deep elf magi
  4 hogs (D:14)
  3 steam dragons
  45 wolves
  A fire elemental (D:14)
  2 wargs
  A deep elf fighter (D:9)
  8 porcupines
  7 vampire mosquitoes (D:15)
  A hell hound (D:14)
  24 orc warriors
  11 water moccasins
  A soldier ant (D:14)
  16 spiders
  2 eyes of draining
  2 ice beasts
  4 sky beasts
  2 phantoms
  8 black bears
  4 wasps
  A boring beetle (Spider:4)
  10 centaurs
  8 ogres
  A centaur (shapeshifter) (D:14)
  17 crocodiles
  3 big kobolds
  Duvessa (D:7)
  A brain worm (Orc:3)
  17 giant frogs
  17 scorpions
  24 killer bees (Lair:4)
  A wight (D:14)
  A lava snake (Volcano)
  4 goliath beetles
  A giant frog zombie (D:7)
  Dowan (D:7)
  4 crimson imps
  16 hounds
  15 jellies
  7 giant frog skeletons
  40 orc wizards
  A human zombie (Ossuary)
  4 centaur zombies
  Natasha (D:3)
  30 orc priests
  11 worker ants
  A killer bee zombie (D:7)
  6 iguanas
  16 sheep
  2 big kobold zombies (Ossuary)
  Ijyb (D:7)
  Jessica (D:2)
  5 mummies
  21 adders
  66 river rats
  3 scorpion zombies (Ossuary)
  9 gnolls
  6 giant mites
  7 worms
  2 shadow imps
  An ufetubus (D:15)
  2 adder skeletons
  2 adder zombies
  212 orcs
  A bat zombie (Shoals:1)
  4 giant cockroaches
  20 goblins
  15 hobgoblins
  2 jackals (D:2)
  27 kobolds
  4 ball pythons
  21 bats
  8 giant geckos
  4 giant newts
  A giant spore (D:13)
  A gnoll zombie (Ossuary)
  A goblin zombie (Ossuary)
  3 hobgoblin zombies (Ossuary)
  A kobold zombie (Ossuary)
  8 orc zombies
  6 quokkas
  27 rats
  A spectral orc (Lair:1)
  7 ballistomycetes
  9 fungi
  6 plants
  3 tentacles
1462 creatures vanquished.

Vanquished Creatures (collateral kills)
  Saint Roka (Orc:4)
  Agnes (Spider:1)
  Azrael (D:14)
  Snorg (Lair:5)
  The ghost of Juudaz the Bludgeoner, a powerful OgBe of Trog (Orc:2)
  A death ooze (Slime:6)
  A sea snake (Shoals:4)
  An orc knight (Orc:2)
  An orb spider (Spider:1)
  An orc sorcerer (Orc:2)
  A siren (Shoals:4)
  2 slime creatures (D:14)
  3 manticores (Volcano)
  A molten gargoyle (Volcano)
  A fire drake (Volcano)
  A komodo dragon (D:15)
  2 merfolk (Shoals:3)
  A snapping turtle (Shoals:4)
  3 blink frogs (Lair:5)
  A water elemental (Shoals:4)
  A tarantella (Spider:1)
  A redback (Spider:1)
  2 fire elementals (D:14)
  A warg (Orc:2)
  A hell hound (D:14)
  5 spiders (Spider:1)
  A sky beast (D:14)
  3 orc warriors (Orc:4)
  An orc priest (Orc:4)
  5 sheep (Lair:5)
  An adder (Lair:5)
  2 orcs
  A quokka (Lair:5)
  3 tentacles (Shoals:3)
54 creatures vanquished.

Vanquished Creatures (others)
  An Executioner (Shoals:4)
  3 cacodemons
  2 balrugs
  3 blizzard demons
  2 green deaths
  An unseen horror (D:13)
  An eye of devastation (Slime:6)
  21 drowned souls
  A hellwing (D:15)
  A demonic crawler (Spider:4)
  A jumping spider (Spider:5)
  2 slime creatures (Slime:6)
  3 humans (D:14)
  An orc wizard (D:3)
  3 giant spores
  A goblin zombie (Ossuary)
  34 fungi
  28 plants
  48 tentacles
  2166 tentacle segments
2323 creatures vanquished.

Grand Total: 3839 creatures vanquished

Notes
Turn   | Place    | Note
--------------------------------------------------------------
     0 | D:1      | magipi, the Ghoul Gladiator, began the quest for the Orb.
     0 | D:1      | Reached XP level 1. HP: 17/17 MP: 1/1
   134 | D:1      | Reached XP level 2. HP: 22/24 MP: 2/2
   189 | D:1      | Reached skill level 3 in Axes
   556 | D:1      | Reached XP level 3. HP: 24/29 MP: 3/3
   697 | D:2      | Noticed Jessica
   702 | D:2      | Killed Jessica
   711 | D:2      | Reached skill level 4 in Axes
   769 | D:2      | Reached XP level 4. HP: 28/36 MP: 3/3
  1330 | D:2      | Found a basalt altar of Yredelemnul.
  1622 | D:3      | Noticed Natasha
  1625 | D:3      | Killed Natasha
  1625 | D:3      | Reached skill level 5 in Axes
  1625 | D:3      | Reached XP level 5. HP: 38/40 MP: 4/4
  1692 | D:3      | Found a deep blue altar of Sif Muna.
  1745 | D:3      | Found a shimmering altar of Xom.
  1747 | D:3      | Found a white marble altar of Elyvilon.
  1747 | D:3      | Found a radiant altar of Vehumet.
  2043 | D:3      | Reached XP level 6. HP: 48/48 MP: 5/5
  2085 | D:3      | Reached skill level 6 in Axes
  2840 | D:4      | Reached XP level 7. HP: 40/54 MP: 3/5
  2852 | D:4      | Reached skill level 7 in Axes
  3058 | D:5      | Entered Level 5 of the Dungeon
  3393 | D:5      | Reached skill level 8 in Axes
  3427 | D:5      | Found a sand-covered staircase.
  3439 | Ossuary  | Entered an ossuary
  3489 | Ossuary  | Reached XP level 8. HP: 49/61 MP: 4/6
  3596 | Ossuary  | Reached skill level 9 in Axes
  4222 | D:5      | Found a glowing silver altar of Zin.
  4447 | D:6      | Reached skill level 10 in Axes
  4621 | D:6      | Reached skill level 1 in Armour
  4809 | D:6      | Reached XP level 9. HP: 49/67 MP: 5/7
  5545 | D:7      | Noticed Ijyb
  5559 | D:7      | Killed Ijyb
  5582 | D:7      | Found a staircase to the Ecumenical Temple.
  5590 | Temple   | Entered the Ecumenical Temple
  5603 | Temple   | Became a worshipper of Makhleb the Destroyer
  5645 | D:7      | Noticed Dowan
  5659 | D:7      | Killed Dowan
  5671 | D:7      | Noticed Duvessa
  5844 | D:7      | Killed Duvessa
  6371 | D:8      | Acquired Makhleb's first power
  6521 | D:8      | Found Cleywkeo's General Store.
  6539 | D:8      | Bought an uncursed ring of protection from magic for 325 gold pieces
  6539 | D:8      | Bought a scroll of blinking for 97 gold pieces
  6909 | D:8      | Reached skill level 5 in Fighting
  6984 | D:8      | Reached skill level 5 in Armour
  7175 | D:8      | Reached XP level 10. HP: 69/83 MP: 7/7
  7268 | D:9      | Acquired Makhleb's second power
  7350 | D:9      | Reached skill level 1 in Evocations
  7383 | D:9      | Reached skill level 1 in Invocations
  7603 | D:9      | Found an opulent altar of Gozag.
  7847 | D:9      | Noticed Grum
  7880 | D:9      | Killed Grum
  8029 | D:9      | Acquired Makhleb's third power
  8032 | D:9      | Found a staircase to the Lair.
  8087 | D:10     | Entered Level 10 of the Dungeon
  8185 | D:10     | Noticed Erica
  8252 | Lair:1   | Entered Level 1 of the Lair of Beasts
  8261 | Lair:1   | Reached skill level 5 in Invocations
  8289 | Lair:1   | Reached skill level 5 in Evocations
  8307 | Lair:1   | Noticed a four-headed hydra
  8329 | Lair:1   | You fall through a shaft!
  8752 | Lair:2   | Reached XP level 11. HP: 57/89 MP: 20/20
  8755 | Lair:2   | Found a shattered altar of Ashenzari.
  8984 | Lair:1   | Acquired Makhleb's fourth power
  9704 | Lair:3   | Learned a level 2 spell: Repel Missiles
  9707 | Lair:3   | Learned a level 2 spell: Blink
  9712 | Lair:3   | Learned a level 4 spell: Control Teleport
 10397 | Lair:4   | Acquired Makhleb's fifth power
 10691 | Lair:4   | Reached XP level 12. HP: 89/94 MP: 24/24
 10747 | Lair:4   | Reached skill level 10 in Invocations
 10815 | Lair:4   | Found a staircase to the Shoals.
 11005 | Lair:5   | Noticed a death yak
 11006 | Lair:5   | Noticed a death yak
 11006 | Lair:5   | Noticed a death yak
 11006 | Lair:5   | Noticed a death yak
 11169 | Lair:4   | Reached skill level 10 in Evocations
 11325 | Lair:4   | Noticed a five-headed hydra
 11419 | Lair:5   | Noticed Snorg
 11427 | Lair:5   | Killed Snorg
 11672 | Lair:6   | Reached skill level 11 in Invocations
 12002 | Lair:6   | Found a hole to the Spider Nest.
 12758 | Lair:7   | Reached XP level 13. HP: 98/102 MP: 26/26
 12784 | Lair:7   | Noticed carl's ghost (powerful DDNe)
 12792 | Lair:8   | Entered Level 8 of the Lair of Beasts
 12850 | Lair:8   | Reached skill level 5 in Throwing
 12963 | Lair:8   | Found a viscous altar of Jiyva.
 12964 | Lair:8   | Found a staircase to the Slime Pits.
 13364 | Lair:8   | Reached skill level 12 in Axes
 13386 | Lair:8   | Found a dark tunnel.
 13391 | Volcano  | Entered a volcano
 13593 | Volcano  | Found a bloodstained altar of Trog.
 14305 | Lair:7   | Noticed a five-headed hydra
 14592 | Lair:1   | Noticed Harold
 14608 | Lair:1   | Killed Harold
 14632 | Lair:1   | Noticed Nergalle
 14694 | D:10     | Killed Erica
 14885 | D:11     | Noticed kraktruk's ghost (powerful DECj)
 14993 | D:10     | Noticed a manticore
 15250 | D:11     | Found Blosaik's Assorted Antiques.
 15377 | D:11     | Bought a glowing helmet for 130 gold pieces
 15377 | D:11     | Bought a distressingly furry chain mail for 275 gold pieces
 15421 | D:11     | Identified the +7 chain mail of Odaipuid {Int+2} (You bought it in a shop on level 11 of the Dungeon)
 15618 | D:12     | Identified a scroll of acquirement
 15761 | D:12     | Reached skill level 13 in Axes
 15880 | D:12     | Reached XP level 14. HP: 99/110 MP: 27/27
 15976 | D:12     | Found a staircase to the Orcish Mines.
 16103 | Orc:1    | Entered Level 1 of the Orcish Mines
 16310 | Orc:2    | Found a roughly hewn altar of Beogh.
 16391 | Orc:2    | Noticed Juudaz's ghost (powerful OgBe)
 16407 | Orc:2    | Killed Juudaz's ghost
 16522 | Orc:3    | Noticed Maurice
 16528 | Orc:3    | Noticed Maurice
 16528 | Orc:3    | Maurice changed into Maurice the brain worm
 16534 | Orc:3    | Killed Maurice the brain worm
 17147 | Orc:1    | Found Egain's Book Emporium.
 17514 | Orc:4    | Entered Level 4 of the Orcish Mines
 17536 | Orc:4    | Noticed Urug
 17553 | Orc:4    | Killed Urug
 17896 | Orc:4    | Found a roughly hewn altar of Beogh.
 17900 | Orc:4    | Found Meatyuh's Weapon Shoppe.
 17906 | Orc:4    | Bought 2 curare-tipped needles for 16 gold pieces
 17951 | Orc:4    | Noticed Saint Roka
 18028 | Orc:4    | Killed Saint Roka
 18081 | Orc:4    | Found a roughly hewn altar of Beogh.
 18081 | Orc:4    | Found Pseegh's Antique Armour Boutique.
 18085 | Orc:4    | Found Qeos' Antique Weapon Shop.
 18096 | Orc:4    | Bought a pair of embroidered boots for 130 gold pieces
 18096 | Orc:4    | Bought a glowing cloak for 130 gold pieces
 18096 | Orc:4    | Bought a heavily runed scale mail for 261 gold pieces
 18112 | Orc:4    | Identified a +2 pair of boots of running (You bought it in a shop on level 4 of the Orcish Mines)
 18148 | Orc:4    | Identified the +2 scale mail of Responsibility {+Inv +Fly Int+3 Dex-4 Slay+3} (You bought it in a shop on level 4 of the Orcish Mines)
 18232 | Orc:4    | Found a roughly hewn altar of Beogh.
 18271 | Orc:4    | Reached skill level 14 in Axes
 18280 | Orc:4    | Noticed Josephine
 18291 | Orc:4    | Killed Josephine
 18388 | Orc:4    | Found a roughly hewn altar of Beogh.
 18421 | Orc:4    | Noticed Erolcha
 18430 | Orc:4    | Killed Erolcha
 18543 | Orc:4    | Found a staircase to the Elven Halls.
 18607 | Orc:4    | Found a roughly hewn altar of Beogh.
 18644 | Orc:4    | Found a roughly hewn altar of Beogh.
 18644 | Orc:4    | Found Kiru's Book Boutique.
 19350 | D:13     | Found Cuc Tumo's Antique Weapon Boutique.
 19600 | D:13     | Noticed a cacodemon
 20266 | D:14     | Reached skill level 10 in Fighting
 20275 | D:14     | Found Betavy's Quality Used Wands.
 20414 | D:14     | Reached XP level 15. HP: 105/125 MP: 28/28
 20438 | D:14     | Found a gate to the Vaults.
 20507 | D:14     | Noticed Kirke
 20572 | D:14     | Killed Kirke
 20871 | D:14     | Reached skill level 15 in Axes
 20940 | D:14     | Noticed Azrael
 20984 | D:14     | Killed Azrael
 21132 | D:15     | Entered Level 15 of the Dungeon
 21465 | D:15     | Noticed Maud
 21476 | D:15     | Killed Maud
 21746 | D:15     | Paralysed by an orc sorcerer for 3 turns
 21846 | D:15     | Found a staircase to the Depths.
 22247 | D:15     | Reached XP level 16. HP: 134/134 MP: 28/28
 22500 | D:10     | Killed a manticore
 22552 | D:10     | Killed an unseen horror
 22726 | Lair:1   | Noticed dvd's ghost (powerful DEFE)
 23010 | Spider:1 | Entered Level 1 of the Spider Nest
 23010 | Spider:1 | Noticed Agnes
 23015 | Spider:1 | Killed Agnes
 23379 | Spider:4 | Reached skill level 16 in Axes
 23572 | Spider:4 | Reached XP level 17. HP: 116/139 MP: 29/29
 23737 | Spider:4 | Reached skill level 10 in Armour
 24318 | Spider:4 | Reached skill level 5 in Dodging
 24413 | Spider:5 | Entered Level 5 of the Spider Nest
 25829 | Lair:5   | Noticed a death yak
 25967 | Shoals:1 | Entered Level 1 of the Shoals
 26239 | Shoals:1 | Found Ycoff's General Store.
 27062 | Shoals:3 | Found Apuq's Book Boutique.
 27100 | Shoals:3 | Noticed Ilsuiw
 27393 | Shoals:3 | Noticed Polyphemus
 27497 | Shoals:4 | Noticed Asterion
 27537 | Shoals:3 | Reached XP level 18. HP: 75/153 MP: 30/30
 28263 | Shoals:5 | Entered Level 5 of the Shoals
 28591 | Shoals:5 | Reached skill level 10 in Dodging
 28681 | Shoals:4 | Killed Asterion
 28955 | Shoals:5 | Got a barnacled rune of Zot
 29536 | Slime:1  | Entered Level 1 of the Pits of Slime
 29810 | Slime:5  | Reached XP level 19. HP: 154/160 MP: 30/30
 29841 | Slime:6  | Entered Level 6 of the Pits of Slime
 30010 | Slime:6  | Found a viscous altar of Jiyva.
 30014 | Slime:6  | Noticed the royal jelly
 30043 | Slime:6  | Paralysed by a great orb of eyes for 4 turns
 30046 | Slime:6  | Slain by an azure jelly

Action                   |  1- 3 |  4- 6 |  7- 9 | 10-12 | 13-15 | 16-18 | 19-21 || total
-------------------------+-------+-------+-------+-------+-------+-------+-------++-------
Melee: War axe           |    85 |   267 |     6 |       |       |       |       ||   358
       Battleaxe         |       |       |   576 |   488 |       |       |       ||  1064
       Broad axe         |       |       |       |   496 |  1347 |  1475 |    90 ||  3408
 Fire: Blowgun           |       |       |    54 |    73 |    79 |   103 |       ||   309
Throw: Throwing net      |       |       |     2 |       |       |       |       ||     2
       Tomahawk          |       |       |     1 |       |       |       |       ||     1
       Javelin           |       |       |       |       |     6 |    27 |       ||    33
Invok: Greater Servant o |       |       |       |     1 |    10 |     8 |       ||    19
       Lesser Servant of |       |       |       |       |     1 |       |       ||     1
 Abil: Evoke Teleportati |       |       |       |       |       |     1 |       ||     1
       Evoke Flight      |       |       |       |       |       |     1 |       ||     1
Evoke: Wand              |       |       |       |     3 |    27 |     8 |       ||    38
  Use: Scroll            |       |    16 |    11 |     9 |    21 |     8 |     1 ||    66
       Potion            |       |       |       |     1 |     8 |     6 |     6 ||    21
 Stab: Paralysed         |       |       |       |       |     3 |       |       ||     3
       Distracted        |       |       |       |       |     2 |     2 |       ||     4
  Eat: Chunk             |    10 |    25 |    34 |    57 |    72 |   142 |       ||   340
       Pizza             |       |       |       |       |       |     1 |       ||     1

Action                   |  1- 3 |  4- 6 |  7- 9 | 10-12 | 13-15 | 16-18 | 19-21 || total
-------------------------+-------+-------+-------+-------+-------+-------+-------++-------
Melee: War axe           |    85 |   267 |     6 |       |       |       |       ||   358
       Battleaxe         |       |       |   576 |   488 |       |       |       ||  1064
       Broad axe         |       |       |       |   496 |  1347 |  1475 |    90 ||  3408
 Fire: Blowgun           |       |       |    54 |    73 |    79 |   103 |       ||   309
Throw: Throwing net      |       |       |     2 |       |       |       |       ||     2
       Tomahawk          |       |       |     1 |       |       |       |       ||     1
       Javelin           |       |       |       |       |     6 |    27 |       ||    33
Invok: Greater Servant o |       |       |       |     1 |    10 |     8 |       ||    19
       Lesser Servant of |       |       |       |       |     1 |       |       ||     1
 Abil: Evoke Teleportati |       |       |       |       |       |     1 |       ||     1
       Evoke Flight      |       |       |       |       |       |     1 |       ||     1
Evoke: Wand              |       |       |       |     3 |    27 |     8 |       ||    38
  Use: Scroll            |       |    16 |    11 |     9 |    21 |     8 |     1 ||    66
       Potion            |       |       |       |     1 |     8 |     6 |     6 ||    21
 Stab: Paralysed         |       |       |       |       |     3 |       |       ||     3
       Distracted        |       |       |       |       |     2 |     2 |       ||     4
  Eat: Chunk             |    10 |    25 |    34 |    57 |    72 |   142 |       ||   340
       Pizza             |       |       |       |       |       |     1 |       ||     1

Action                   |  1- 3 |  4- 6 |  7- 9 | 10-12 | 13-15 | 16-18 | 19-21 || total
-------------------------+-------+-------+-------+-------+-------+-------+-------++-------
Melee: War axe           |    85 |   267 |     6 |       |       |       |       ||   358
       Battleaxe         |       |       |   576 |   488 |       |       |       ||  1064
       Broad axe         |       |       |       |   496 |  1347 |  1475 |    90 ||  3408
 Fire: Blowgun           |       |       |    54 |    73 |    79 |   103 |       ||   309
Throw: Throwing net      |       |       |     2 |       |       |       |       ||     2
       Tomahawk          |       |       |     1 |       |       |       |       ||     1
       Javelin           |       |       |       |       |     6 |    27 |       ||    33
Invok: Greater Servant o |       |       |       |     1 |    10 |     8 |       ||    19
       Lesser Servant of |       |       |       |       |     1 |       |       ||     1
 Abil: Evoke Teleportati |       |       |       |       |       |     1 |       ||     1
       Evoke Flight      |       |       |       |       |       |     1 |       ||     1
Evoke: Wand              |       |       |       |     3 |    27 |     8 |       ||    38
  Use: Scroll            |       |    16 |    11 |     9 |    21 |     8 |     1 ||    66
       Potion            |       |       |       |     1 |     8 |     6 |     6 ||    21
 Stab: Paralysed         |       |       |       |       |     3 |       |       ||     3
       Distracted        |       |       |       |       |     2 |     2 |       ||     4
  Eat: Chunk             |    10 |    25 |    34 |    57 |    72 |   142 |       ||   340
       Pizza             |       |       |       |       |       |     1 |       ||     1
